 Dungeon Crawl Stone Soup version 0.24.0-123-gd5b16e6ec5 (webtiles) character file.

Game seed: 11977110335536302772, levelgen mode: deterministic

14 Descartes the Magician (level 2, 0/18 HPs)
             Began as a Deep Elf Wanderer on Jan 7, 2020.
             Slain by a hobgoblin (5 damage)
             ... on level 1 of the Dungeon.
             The game lasted 00:02:38 (909 turns).

Descartes the Magician (Deep Elf Wanderer)           Turns: 909, Time: 00:02:38

Health: 0/18       AC:  2    Str:  6    XL:     2   Next: 27%
Magic:  8/8        EV: 12    Int: 19    God:
Gold:   21         SH:  0    Dex: 14    Spells: 5/7 levels left

rFire    . . .     SeeInvis .   a - +0 dagger
rCold    . . .     Gourm    .   (no shield)
rNeg     . . .     Faith    .   d - +0 robe
rPois    .         Spirit   .   (no helmet)
rElec    .         Reflect  .   (no cloak)
rCorr    .         Harm     .   (no gloves)
MR       .....                  (no boots)
Stlth    ++........             (no amulet)
HPRegen  0.06/turn              (no ring)
MPRegen  0.11/turn              (no ring)

@: no status effects
A: no striking features
a: no special abilities


You were on level 1 of the Dungeon.
You were not hungry.

You visited 1 branch of the dungeon, and saw 1 of its levels.

You collected 21 gold pieces.

Inventory:

Hand Weapons
 a - a +0 dagger (weapon)
 b - a +0 spear
 e - a +0 whip
Missiles
 g - 16 sling bullets
 i - 34 stones
 m - 15 poisoned darts (quivered)
Armour
 d - a +0 robe (worn)
Scrolls
 h - a scroll of fear {unknown}
 j - 2 scrolls of immolation {unknown}
 n - a scroll of remove curse {unknown}
Potions
 c - a potion of lignification
 k - a potion of curing {unknown}
Comestibles
 f - 2 rations
 l - 3 chunks of flesh


   Skills:
 - Level 2.4 Fighting
 - Level 1.0 Polearms
 + Level 1.0 Dodging
 + Level 1.9 Stealth
   Level 1.5 Shields
 + Level 3.3 Spellcasting
 - Level 1.1 Transmutations
 + Level 0.8 Earth Magic


You had 5 spell levels left.
You knew the following spells:

 Your Spells              Type           Power        Failure   Level  Hunger
a - Sandblast             Erth           #.....       11%         1    None
b - Beastly Appendage     Tmut           #.....       10%         1    None

Your spell library contained the following spells:

 Spells                   Type           Power        Failure   Level  Hunger
 Sticks to Snakes         Tmut           #.......     14%         2    ##.....
 Spider Form              Tmut/Pois      #.........   34%         3    ###....
 Stone Arrow              Conj/Erth      #.....       36%         3    ###....
 Ice Form                 Ice/Tmut       #.......     75%         4    ####...
 Blade Hands              Tmut           #.........   95%         5    ######.


Dungeon Overview and Level Annotations

Branches:
Dungeon (1/15)

Altars:


Message History

* * * LOW HITPOINT WARNING * * *
You barely miss the hobgoblin.
The hobgoblin is almost dead.
The hobgoblin closely misses you.
You closely miss the hobgoblin.
The hobgoblin is almost dead.
The hobgoblin hits you but does no damage.
You closely miss the hobgoblin.
The hobgoblin is almost dead.
The hobgoblin misses you.
You completely miss the hobgoblin.
The hobgoblin is almost dead.
The hobgoblin barely misses you.
You barely miss the hobgoblin.
The hobgoblin is severely wounded.
The hobgoblin closely misses you.
You closely miss the hobgoblin.
The hobgoblin is severely wounded.
The hobgoblin hits you.
You die...

#...รท.....#
#......#
#.........#
#......#
#.........#
#......# ###
#.........#
#####'## #..
#########.#
#.######.#
#.#
#........#
#.#
#.########
#.# ### #
#@# # #g# #
#.# # #)#
#.# #.###.#
#.[...#
#...(....#
#..g..?..#


You could see a hobgoblin.

Vanquished Creatures
  A bat (D:1)
  2 giant cockroaches (D:1)
  3 goblins (D:1)
  3 hobgoblins (D:1)
  A kobold (D:1)
10 creatures vanquished.

Notes
Turn   | Place    | Note
-------+----------+-------------------------------------------
     0 | D:1      | Descartes the Deep Elf Wanderer began the quest for the
                  | Orb.
     0 | D:1      | Descartes set off with the following items: a +0 dagger, a
                  | potion of lignification, a +0 robe, a ration; and the
                  | following spells available to memorise: Beastly Appendage,
                  | Sticks to Snakes, Sandblast, Spider Form, Stone Arrow, Ice
                  | Form, Blade Hands
     0 | D:1      | Reached XP level 1. HP: 13/13 MP: 6/6
     2 | D:1      | Learned a level 1 spell: Sandblast
     4 | D:1      | Learned a level 1 spell: Beastly Appendage
   453 | D:1      | Reached XP level 2. HP: 3/18 MP: 6/8
   781 | D:1      | Reached skill level 1 in Dodging
   909 | D:1      | Slain by a hobgoblin

Levels and vault maps discovered:
D:1:      eino_arrival_water_star, layout_basic

Skill      XL: |  1  2 |
---------------+-------+-----
Dodging        | 1 |  1.0
Fighting       | |  2.4
Polearms       | |  1.0
Stealth        | |  1.9
Shields        | |  1.5
Spellcasting   | |  3.3
Transmutations | |  1.1
Earth Magic    | |  0.8

Action                   || total
-------------------------++-------
Melee: Dagger            ||    74
Throw: Dart              ||     3
 Cast: Sandblast         ||     3
 Stab: Sleeping          ||     1
Armor: Robe              ||    10
Dodge: Dodged            ||    45
